Map: Kairos Junction LE

Players

Woah - Winner!

  • Race: Terran Terran
  • League: Platinum
  • Spawn Location: 11:00

greppings

  • Race: Zerg Zerg
  • Spawn Location: 5:00

VOD

Have the link to the VOD?

Description

Time

  • Played on: June 11, 2019, 9:23 p.m.
  • Length: 10:11
Show
View Real Time Build Order
Export as new Build Order

Woah Terran - Winner!

Build Orders: Reaper Expand 

Get SALT Encoding   

  12  0:01  SCV  
  13  0:13  SCV  
  14  0:17  Supply Depot  
  14  0:26  SCV  
  15  0:39  SCV  
  15  0:40  Barracks  
  16  0:44  Refinery  
  16  0:52  SCV  
  17  1:04  SCV  
  18  1:16  SCV  
  19  1:28  Orbital Command  
  19  1:31  Reaper  
  20  1:49  Command Center  
  20  1:55  SCV  
  20  1:58  Barracks  
  21  2:03  Barracks Reactor  
  21  2:07  SCV  
  22  2:10  Refinery  
  22  2:20  SCV  
  23  2:28  Factory  
  23  2:59  Supply Depot  
  23  3:00  Marine x2  
  23  3:01  SCV  
  26  3:06  Barracks Tech Lab  
  26  3:13  SCV  
  27  3:20  Factory Reactor  
  27  3:21  Starport  
  27  3:25  SCV  
  28  3:27  Orbital Command  
  28  3:35  Stimpack, Marine  
  28  3:36  Marine x2  
  28  3:37  SCV  
  32  3:49  SCV  
  32  3:53  Supply Depot  
  32  3:54  Marine x3, Supply Depot  
  36  4:03  SCV  
  36  4:04  SCV  
  36  4:09  Medivac  
  40  4:12  Medivac, Marine x2  
  40  4:15  Marine  
  45  4:17  SCV x2  
  47  4:30  Marine x2  
  49  4:35  Marine  
  49  4:37  SCV  
  49  4:38  SCV  
  52  4:45  Engineering Bay  
  52  4:46  Engineering Bay  
  52  4:48  Marine x2  
  52  4:49  SCV  
  52  4:51  Barracks  
  55  4:53  Marine  
  56  5:06  SCV x2  
  58  5:09  Factory Tech Lab, Marine x2  
  58  5:10  Medivac  
  62  5:22  Command Center  
  62  5:36  Combat Shield  
  62  5:40  Marine  
  61  5:59  Siege Tank  
  61  6:02  Marine  
  61  6:04  Marine  
  62  6:06  Medivac, Marine  
  62  6:07  Barracks x2  
  62  6:09  Barracks  
  61  6:20  Marine  
  61  6:21  Marine  
  61  6:24  Marine  
  61  6:27  SCV  
  61  6:28  Terran Infantry Weapons Level 1, Terran Infantry Armor Level 1  
  62  6:33  SCV  
  62  6:35  Refinery x2  
  62  6:38  Supply Depot x2  
  62  6:39  SCV  
  64  6:40  Marine x2, Supply Depot  
  64  6:45  SCV  
  64  6:47  Orbital Command  
  67  6:51  SCV  
  67  6:53  Supply Depot  
  68  6:54  Armory  
  68  6:56  Barracks Reactor, Barracks Tech Lab  
  68  6:57  Barracks Reactor  
  68  6:58  SCV  
  69  7:03  SCV  
  70  7:09  Marine x4  
  74  7:21  Marauder  
  76  7:23  SCV  
  76  7:27  Marine x4  
  81  7:43  Marauder  
  83  7:44  Marine  
  83  7:45  Marine x2  
  83  7:48  Marine  
  83  7:49  Marine x4  
  90  8:02  Marine x2  
  90  8:03  Marine  
  90  8:04  Marine  
  87  8:06  Marine  
  87  8:07  SCV, Marine  
  87  8:08  SCV  
  77  8:20  SCV x2  
  71  8:34  Orbital Command  
  71  8:39  Marine  
  71  8:40  Barracks Reactor, Marine x3  
  75  8:44  Marine x4  
  79  8:57  Marine x4  
  79  9:02  Marine x3  
  78  9:04  SCV  
  78  9:05  SCV x2  
  78  9:08  Siege Tank  
  84  9:16  SCV  
  85  9:17  SCV x2  
  87  9:26  Supply Depot  
  87  9:27  Supply Depot  
  87  9:29  SCV x3  
  87  9:30  Barracks  
  90  9:31  Barracks  
  90  9:33  Command Center  
  90  9:41  SCV x3  
  93  9:47  Marine  
  93  9:48  Marine  
  93  9:49  Marine x8  
  93  9:50  Supply Depot  
  103  9:52  Supply Depot  
  103  9:53  SCV x3  
Show
View Real Time Build Order
Export as new Build Order

greppings Zerg 

Build Orders: Hatch First 

Get SALT Encoding   

  12  0:01  Drone  
  13  0:13  Overlord  
  13  0:19  Drone  
  14  0:35  Drone x3  
  17  0:47  Drone  
  18  1:00  Hatchery  
  18  1:02  Drone  
  18  1:11  Drone  
  19  1:20  Drone  
  20  1:27  Spawning Pool  
  20  1:28  Extractor  
  18  1:46  Drone  
  19  1:52  Hatchery, Drone  
  19  1:58  Overlord  
  19  2:07  Drone  
  20  2:13  Queen  
  22  2:17  Drone  
  22  2:18  Drone  
  24  2:24  Drone  
  24  2:25  Drone  
  26  2:35  Zergling x4  
  27  2:41  Extractor  
  27  2:43  Spore Crawler  
  25  2:52  Drone x2  
  27  3:00  Queen  
  27  3:01  Queen  
  27  3:02  Drone  
  32  3:08  Drone x2  
  33  3:30  Drone  
  33  3:31  Drone x7  
  41  3:59  Drone  
  42  4:06  Overlord  
  42  4:07  Overlord x4  
  42  4:08  Extractor  
  41  4:16  Queen, Baneling Nest  
  42  4:18  Overlord  
  42  4:25  Zergling x2, Spine Crawler  
  42  4:26  Zergling x14  
  49  4:39  Drone  
  49  4:40  Drone x5  
  55  4:50  Zergling x2  
  55  4:51  Zergling x8  
  60  4:53  Metabolic Boost  
  60  5:08  Zergling x2  
  60  5:09  Zergling x6  
  64  5:16  Evolution Chamber, Drone x5  
  64  5:18  Evolution Chamber  
  64  5:19  Baneling x3  
  64  5:20  Baneling x2  
  67  5:25  Drone x4  
  71  5:32  Drone x3  
  71  5:33  Drone  
  67  6:09  Zergling x8  
  67  6:10  Zergling x16  
  79  6:17  Drone  
  76  6:27  Drone x3  
  76  6:28  Drone x2  
  76  6:32  Zerg Melee Weapons Level 1, Zerg Ground Armor Level 1  
  81  6:37  Overlord x2  
  81  6:50  Lair  
  82  6:54  Queen, Drone  
  82  6:55  Overlord x3  
  82  6:57  Drone  
  85  7:02  Drone  
  85  7:03  Drone  
  85  7:04  Extractor, Zergling x6  
  89  7:18  Baneling  
  89  7:22  Extractor  
  88  7:24  Extractor  
  74  7:43  Baneling x9  
  74  7:44  Baneling x6  
  74  7:45  Zergling x2  
  71  8:04  Zergling x8  
  71  8:05  Zergling x20  
  60  8:28  Zergling x2  
  60  8:29  Zergling x14  
  67  8:36  Drone  
  60  8:59  Zergling x12  
  60  9:00  Zergling x4  
  57  9:06  Zergling x2  
  53  9:12  Spine Crawler  
  53  9:14  Spine Crawler  
  53  9:15  Zergling x2  
  53  9:16  Zergling x12  
  58  9:23  Zergling x2  
  58  9:24  Zergling x2  
  60  9:27  Baneling  
  60  9:28  Baneling x14  
Tags
 
Add a new tag
Caveats
  • Supply blocks, unpowered buildings, or Contaminate may cause inaccurate times.
  • Supply counts are checked every 10 seconds.